 Dungeon Crawl Stone Soup version 0.25-a0-410-g53dbb631d1 (webtiles) character file.

Game seed: 307312242663162165, levelgen mode: deterministic

15519 Epan the Geomancer (level 12, 0/71 HPs)
             Began as a Gargoyle Earth Elementalist on Jan 13, 2020.
             Was an Elder of Vehumet.
             Slain by a fire elemental (11 damage)
             ... summoned by a deep elf mage
             ... on level 12 of the Dungeon.
             The game lasted 00:38:58 (11515 turns).

Epan the Geomancer (Gargoyle Earth Elementalist)   Turns: 11515, Time: 00:38:58

Health: 0/71       AC: 23    Str: 13    XL:     12   Next: 27%
Magic:  17/23      EV: 14    Int: 28    God:    Vehumet [****..]
Gold:   590        SH:  0    Dex: 10    Spells: 16/25 levels left

rFire    . . .     SeeInvis .   K - +4 rapier "Renlyhau" {venom, Int+8}
rCold    . . .     Gourm    .   (no shield)
rNeg     + . .     Faith    .   I - +0 steam dragon scales
rPois    ∞         Spirit   .   (no helmet)
rElec    +         Reflect  .   E - +0 cloak
rCorr    +         Harm     .   q - +2 pair of gloves
MR       +....                  C - +2 pair of boots
Stlth    ++........             (no amulet)
HPRegen  0.21/turn              u - ring of protection from magic
MPRegen  0.18/turn              x - ring of resist corrosion

@: studying Armour
A: negative energy resistance 1, electricity resistance, unbreathing,
petrification resistance, rot immunity, AC +8
a: Renounce Religion


You were on level 12 of the Dungeon.
You worshipped Vehumet.
Vehumet was greatly pleased with you.
You were not hungry.

You visited 2 branches of the dungeon, and saw 13 of its levels.

You collected 590 gold pieces.

Inventory:

Hand Weapons
 n - the +9 dagger of Disgust {pierce, Int+7}
   (You found it on level 4 of the Dungeon)

   It inflicts extra damage upon your enemies.
   It affects your intelligence (+7).
 B - a +2 flail of holy wrath
 K - the +4 rapier "Renlyhau" (weapon) {venom, Int+8}
   (You found it on level 10 of the Dungeon)

   It poisons the flesh of those it strikes.
   It affects your intelligence (+8).
 N - the +5 great mace of Uthrodgh {freeze, +Blink}
   (You found it on level 11 of the Dungeon)

   It has been specially enchanted to freeze those struck by it, causing extra
   injury to most foes and up to half again as much damage against particularly
   susceptible opponents.
   It can also slow down cold-blooded creatures.
   It lets you blink.
 O - a +1 morningstar of protection
Missiles
 b - 174 stones (quivered)
Armour
 p - the +2 shield "Mytwav" {Int+4}
   (You found it on level 6 of the Dungeon)

   It affects your intelligence (+4).
 q - a +2 pair of gloves (worn)
 C - a +2 pair of boots (worn)
 E - a +0 cloak (worn)
 I - +0 steam dragon scales (worn)
Jewellery
 u - a ring of protection from magic (left hand)
 x - a ring of resist corrosion (right hand)
 P - an uncursed ring of ice {unknown}
 Q - the amulet of Enlelli {Regen+ MP+9 Str+2 Dex+4, unknown}
   (You found it on level 11 of the Dungeon)

   [amulet of regeneration]

   It affects your strength (+2).
   It affects your dexterity (+4).
   It affects your magic capacity (+9).
   It increases your rate of regeneration.
Wands
 c - a wand of iceblast (7)
 e - a wand of polymorph (10)
 o - a wand of acid (8)
 v - a wand of flame (52)
 A - a wand of scattershot (5)
 F - a wand of digging (1)
Scrolls
 f - a scroll of amnesia
 h - 4 scrolls of blinking
 k - 2 scrolls of teleportation
 w - 4 scrolls of magic mapping
 z - 2 scrolls of enchant weapon
 J - a scroll of remove curse
 M - 3 scrolls of fear
Potions
 a - 2 potions of agility
 g - 2 potions of heal wounds
 i - 3 potions of flight
 j - a potion of berserk rage
 l - 6 potions of curing
 r - 2 potions of brilliance
 t - a potion of might
 H - a potion of ambrosia
Books
 D - a manual of Armour
Miscellaneous
 L - a phantom mirror
Comestibles
 d - 26 rations


   Skills:
 + Level 6.8 Fighting
 + Level 6.1 Maces & Flails
 - Level 6.2 Armour
 + Level 5.4 Dodging
 - Level 2.1 Stealth
 + Level 6.0 Shields
 + Level 7.3 Spellcasting
 + Level 8.1 Conjurations
   Level 0.7 Transmutations
 + Level 10.0 Earth Magic
 + Level 5.6 Evocations


You had 16 spell levels left.
You knew the following spells:

 Your Spells              Type           Power        Failure   Level  Hunger
a - Sandblast             Erth           ######       1%          1    None
b - Stone Arrow           Conj/Erth      ######       1%          3    None
c - Lee's Rapid Deconstr  Erth           ######....   1%          5    ####...

Your spell library contained the following spells:

 Spells                   Type           Power        Failure   Level  Hunger
 Airstrike                Air            ##........   13%         4    ##.....
 Passwall                 Tmut/Erth      #####...     1%          2    None
 Animate Skeleton         Necr           N/A          5%          1    None
 Apportation              Tloc           ##....       5%          1    None
 Corona                   Hex            ##.....      5%          1    None
 Summon Butterflies       Summ           ##......     5%          1    None
 Summon Small Mammal      Summ           ##..         5%          1    None
 Petrify                  Tmut/Erth      #####...     6%          4    ##.....
 Confusing Touch          Hex            ##......     16%         3    None
 Gell's Gravitas          Tloc           ##........   16%         3    None
 Lesser Beckoning         Tloc           ##........   16%         3    None
 Tukima's Dance           Hex            ##......     16%         3    None
 Yara's Violent Unravell  Hex/Tmut       ##........   30%         5    ####...
 Alistair's Intoxication  Tmut/Pois      ##......     77%         5    ####...
 Metabolic Englaciation   Hex/Ice        ##........   82%         5    ####...
 Death Channel            Necr           ##........   100%        6    ######.
 Invisibility             Hex            ##......     100%        6    ######.
 Sublimation of Blood     Necr           Unusable     N/A         2    N/A

Dungeon Overview and Level Annotations

Branches:
Dungeon (12/15)            Temple (1/1) D:5            Lair (0/6) D:10
    Orc (0/2) D:9

Altars:
Ashenzari
Cheibriados
Elyvilon
Fedhas
Gozag
Hepliaklqana
Kikubaaqudgha
Makhleb
Nemelex Xobeh
Okawaru
Ru
Sif Muna
Trog
Uskayaw
Vehumet
Wu Jian
Xom
Yredelemnul
Zin
The Shining One

Annotations:
D:8 2 runed translucent doors, pentaxis93's ghost, journeyman TeAE


Innate Abilities, Weirdness & Mutations

You are resistant to torment.
Your stone body is resilient. (AC +8)
You are immune to poison.
You resist negative energy. (rN+)
You are resistant to electric shocks. (rElec)
You can survive without breathing.
You are immune to petrification.
You are immune to rotting.


Message History

Aiming: Sandblast (safe; 1% risk of failure)
Press: ? - help, Shift-Dir - straight line, f/p - deep elf mage
Aim: a deep elf mage, wielding a +0 short sword and wearing a +0 chain mail The blast of sand hits the fire elemental!!
You destroy the fire elemental!
b - 175 stones The fire elemental hits you.
The deep elf mage gestures wildly while chanting.
The deep elf mage blinks!
Casting: Sandblast (safe; 1% risk of failure)
Confirm with . or Enter, or press ? or * to list all spells.
Aiming: Sandblast (safe; 1% risk of failure)
Press: ? - help, Shift-Dir - straight line, f - fire elemental
Aim: a fire elemental (lightly damaged, summoned)
The blast of sand hits the fire elemental!!
The fire elemental is almost destroyed.
b - 174 stones You feel yourself speed up.
The fire elemental hits you. The fire elemental burns you!
You die...

..#
#...§.##[..#
..#
#####..####.
.## #....#
.# #..#.# ..
....# # ○..
#E# #E# #@#
#.## #..#
##.# #.# #.#
#.# #.###
#...#


You could see 2 fire elementals.

Vanquished Creatures
  A yaktaur captain (D:11)
  3 two-headed ogres
  Nergalle (D:10)
  A phantasmal warrior (D:11)
  An ugly thing (D:11)
  A manticore (D:11)
  A cyclops (D:11)
  A centaur skeleton (D:11)
  Maggie (D:10)
  A komodo dragon (D:12)
  4 trolls
  3 hornets
  A hippogriff (D:11)
  The ghost of endorz the Firebug, an amateur GnFE (D:4)
  Prince Ribbit (D:9)
  3 wraiths
  2 wyverns
  Grum (D:10)
  A hungry ghost (D:11)
  A chaos spawn (D:11)
  2 water moccasins
  An orc warrior (D:7)
  2 ice beasts
  3 phantoms
  5 sky beasts
  2 eyes of draining
  3 wolves (D:10)
  15 centaurs (D:11)
  6 ogres
  A big kobold (D:5)
  6 bullfrogs
  2 gnoll sergeants
  A water moccasin skeleton (D:8)
  2 scorpions
  6 killer bees (D:10)
  2 troll zombies (D:9)
  5 wights (D:6)
  6 crimson imps
  3 centaur zombies
  A quasit (D:8)
  4 bullfrog zombies
  4 hounds
  3 jellies
  3 orc priests
  Jessica (D:2)
  3 iguanas
  Terence (D:2)
  8 orc wizards
  7 worker ants
  6 ogre zombies (D:9)
  2 hound zombies
  A hound skeleton (D:6)
  13 gnolls
  A howler monkey skeleton (D:5)
  10 adders
  2 oozes (D:7)
  An adder zombie (D:6)
  An adder skeleton (D:7)
  4 worms
  A dart slug (D:1)
  6 leopard geckos
  24 orcs
  A ball python (D:1)
  4 giant cockroaches
  17 goblins
  15 hobgoblins
  11 jackals
  18 kobolds
  6 quokkas
  A ball python skeleton (D:4)
  A ball python zombie (D:5)
  9 bats
  8 frilled lizards
  5 goblin zombies (D:9)
  A hobgoblin skeleton (D:9)
  4 hobgoblin zombies (D:9)
  3 leopard gecko skeletons
  2 leopard gecko zombies
  3 orc skeletons (D:9)
  12 orc zombies (D:9)
  A quokka zombie (D:7)
  11 rats
343 creatures vanquished.

Vanquished Creatures (others)
  A worker ant (D:4)
  A worm (D:2)
  A plant (D:4)
3 creatures vanquished.

Grand Total: 346 creatures vanquished

Notes
Turn   | Place    | Note
-------+----------+-------------------------------------------
     0 | D:1      | Epan the Gargoyle Earth Elementalist began the quest for
                  | the Orb.
     0 | D:1      | Reached XP level 1. HP: 10/10 MP: 3/3
   383 | D:1      | Reached XP level 2. HP: 15/15 MP: 5/5
   464 | D:1      | Reached skill level 4 in Earth Magic
   717 | D:1      | Reached XP level 3. HP: 12/19 MP: 6/6
   722 | D:1      | Learned a level 3 spell: Stone Arrow
  1153 | D:2      | Noticed Terence
  1168 | D:2      | Killed Terence
  1168 | D:2      | Reached skill level 1 in Conjurations
  1168 | D:2      | Reached XP level 4. HP: 24/24 MP: 8/8
  1410 | D:2      | Noticed Jessica
  1413 | D:2      | Killed Jessica
  1413 | D:2      | Reached skill level 5 in Earth Magic
  1413 | D:2      | Reached XP level 5. HP: 26/28 MP: 9/9
  1895 | D:2      | Learned a level 5 spell: Lee's Rapid Deconstruction
  2604 | D:3      | Found a blossoming altar of Fedhas.
  2822 | D:4      | Noticed an ogre
  2829 | D:4      | Killed an ogre
  2829 | D:4      | Reached XP level 6. HP: 32/32 MP: 11/11
  2943 | D:4      | Found a runed translucent gate.
  2944 | D:4      | Found a runed translucent gate.
  2944 | D:4      | Found a runed translucent gate.
  2945 | D:4      | Noticed endorz's ghost (amateur GnFE)
  2945 | D:4      | Identified the +4 short sword of the Wasp {pain, rElec
                  | rPois MR+ Str+4}
  3016 | D:4      | Killed endorz's ghost
  3016 | D:4      | Reached skill level 6 in Earth Magic
  3016 | D:4      | Reached XP level 7. HP: 32/36 MP: 3/13
  3367 | D:4      | Got a scorched dagger
  3388 | D:4      | Identified the +9 dagger of Disgust {pierce, Int+7} (You
                  | found it on level 4 of the Dungeon)
  3856 | D:5      | Entered Level 5 of the Dungeon
  3878 | D:5      | Reached skill level 1 in Fighting
  3878 | D:5      | Reached skill level 1 in Armour
  4051 | D:5      | Reached skill level 1 in Maces & Flails
  4066 | D:5      | Found a glowing golden altar of the Shining One.
  4127 | D:5      | Reached skill level 1 in Evocations
  4133 | D:5      | Reached XP level 8. HP: 17/43 MP: 7/15
  4225 | D:5      | Found a shimmering blue altar of Sif Muna.
  4225 | D:5      | Found a shattered altar of Ashenzari.
  4225 | D:5      | Found a hazy altar of Hepliaklqana.
  4225 | D:5      | Found a white marble altar of Elyvilon.
  4236 | D:5      | Found a staircase to the Ecumenical Temple.
  4262 | Temple   | Entered the Ecumenical Temple
  4314 | Temple   | Became a worshipper of Vehumet
  4394 | D:5      | Found a bloodstained altar of Trog.
  4590 | D:5      | Found a basalt altar of Yredelemnul.
  4780 | D:6      | Reached skill level 7 in Earth Magic
  4856 | D:6      | Found an iron altar of Okawaru.
  4889 | D:6      | Reached * piety under Vehumet
  4889 | D:6      | Offered knowledge of Foxfire by Vehumet.
  5012 | D:6      | Reached skill level 5 in Spellcasting
  5016 | D:6      | Reached skill level 5 in Conjurations
  5295 | D:6      | Found an opulent altar of Gozag.
  5369 | D:6      | Got a transparent shield
  5375 | D:6      | Identified the +2 shield "Mytwav" {Int+4} (You found it on
                  | level 6 of the Dungeon)
  5417 | D:7      | Noticed a wyvern
  5420 | D:7      | Killed a wyvern
  5420 | D:7      | Reached XP level 9. HP: 42/50 MP: 14/16
  5505 | D:7      | Reached skill level 1 in Shields
  5849 | D:7      | Offered knowledge of Freeze by Vehumet.
  6032 | D:7      | Reached ** piety under Vehumet
  6635 | D:8      | Reached skill level 8 in Earth Magic
  6838 | D:8      | Found a large runed translucent door.
  6839 | D:8      | Found a large runed translucent door.
  6861 | D:8      | Noticed pentaxis93's ghost (journeyman TeAE)
  6962 | D:8      | Reached XP level 10. HP: 44/56 MP: 18/18
  7562 | D:9      | Noticed a two-headed ogre
  7572 | D:9      | Killed a two-headed ogre
  7572 | D:9      | Reached skill level 5 in Armour
  7644 | D:9      | Found a staircase to the Orcish Mines.
  7661 | D:9      | Offered knowledge of Mephitic Cloud by Vehumet.
  7839 | D:9      | Reached *** piety under Vehumet
  7839 | D:9      | Offered knowledge of Iskenderun's Mystic Blast by Vehumet.
  8203 | D:9      | Noticed Prince Ribbit
  8215 | D:9      | Killed Prince Ribbit
  8215 | D:9      | Reached skill level 5 in Fighting
  8469 | D:10     | Entered Level 10 of the Dungeon
  8599 | D:10     | Found a staircase to the Lair.
  8608 | D:10     | Reached **** piety under Vehumet
  8645 | D:10     | Noticed a two-headed ogre
  8648 | D:10     | Killed a two-headed ogre
  8664 | D:10     | Noticed Maggie
  8670 | D:10     | Killed Maggie
  8670 | D:10     | Reached XP level 11. HP: 60/64 MP: 14/20
  8775 | D:10     | Noticed Grum
  8778 | D:10     | Killed Grum
  8778 | D:10     | Reached skill level 9 in Earth Magic
  8897 | D:10     | Got a bloodstained rapier
  8898 | D:10     | Identified the +4 rapier "Renlyhau" {venom, Int+8} (You
                  | found it on level 10 of the Dungeon)
  8919 | D:10     | Offered knowledge of Airstrike by Vehumet.
  8960 | D:10     | Noticed Nergalle
  8974 | D:10     | Killed Nergalle
  9038 | D:10     | Reached skill level 5 in Maces & Flails
  9484 | D:11     | Reached skill level 5 in Shields
  9606 | D:11     | Noticed a two-headed ogre
  9614 | D:11     | Killed a two-headed ogre
  9657 | D:11     | Noticed a cyclops
  9659 | D:11     | Killed a cyclops
  9717 | D:11     | Reached skill level 5 in Evocations
  9883 | D:11     | Noticed a brown ugly thing
  9902 | D:11     | Killed a brown ugly thing
  9902 | D:11     | Reached skill level 5 in Dodging
 10032 | D:11     | Found a shimmering altar of Xom.
 10034 | D:11     | Found the +7 mace of Variability {chain chaos}
 10340 | D:11     | Noticed a manticore
 10343 | D:11     | Killed a manticore
 10425 | D:11     | Reached XP level 12. HP: 66/71 MP: 22/22
 10518 | D:11     | Got a fine flail
 10531 | D:11     | Noticed a yaktaur captain
 10548 | D:11     | Killed a yaktaur captain
 10907 | D:11     | Got an encrusted great mace
 10914 | D:11     | Got a brightly glowing sapphire amulet
 10915 | D:11     | Identified the Handbook of Supportive Dark Secrets
 10917 | D:11     | Identified the +5 great mace of Uthrodgh {freeze, +Blink}
                  | (You found it on level 11 of the Dungeon)
 10918 | D:11     | Identified the +6 flail of the Spectre {freeze, MP-9 Dex+6}
                  | (You found it on level 11 of the Dungeon)
 11216 | D:12     | Reached skill level 10 in Earth Magic
 11290 | D:12     | Noticed a centaur warrior
 11515 | D:12     | Slain by a fire elemental

Levels and vault maps discovered:
D:1:      dpeg_arrival_short_road, layout_basic
D:2:      layout_loops_cross, first_ration, minmay_quadrilaterals, uniq_terence,
          uniq_jessica
D:3:      layout_basic, lemuel_doored_altar, serial_corexii_hall,
          chequers_hall_statues_corner_a, corexii_hall_statues_deadend
D:4:      layout_basic, gammafunk_ghost_nasty_kobolds, kennysheep_flooded_box
D:5:      minmay_diamond_boxcup, layout_rooms, kennysheep_little_box,
          chequers_temple_overflow_statue_of_worship, lemuel_round_altar,
          old_standard_altar, temple_statues, minmay_ogre_servants
D:6:      layout_basic, old_standard_altar, grunt_gozag_statues
D:7:      layout_loops_corners
D:8:      layout_cave_pools, ebering_ghost_disaster_area,
          hangedman_pestilent_swarm, hangedman_decor_peaks_small,
          minmay_manual_mail
D:9:      layout_grid_maze, zombieorc2_lemuel, uniq_prince_ribbit1
D:10:     layout_gridville, lair_entry_dummy, uniq_nergalle, uniq_grum,
          uniq_maggie
D:11:     minmay_the_grid_four_pointed_star
          [minmay_the_grid_triangle_9x9_windchime,
          minmay_the_grid_triangle_9x9_corrupted_corridor,
          minmay_the_grid_triangle_9x9_corruption,
          minmay_the_grid_triangle_9x9_thin_v,
          minmay_the_grid_prize_diamond_cup], layout_rooms,
          minmay_guarded_unrand_variability
D:12:     layout_roguey, minmay_bent
Temple:   nicolae_temple_x_marks_the_god

Skill      XL: |  1  2  3  4  5  6  7  8  9 10 11 12 |
---------------+-------------------------------------+-----
Earth Magic    | 4 5 6 7 8 9 10 | 10.0
Conjurations   | 1 2 3 4 5 6 7 8 |  8.1
Spellcasting   | 3 4 5 6 7 |  7.3
Fighting       | 1 3 4 5 6 |  6.8
Armour         | 1 2 4 6 |  6.2
Maces & Flails | 1 2 3 4 5 6 |  6.1
Dodging        | 2 3 4 5 |  5.4
Evocations     | 1 2 3 4 5 |  5.6
Shields        | 2 4 5 6 |  6.0
Stealth        | |  2.1
Transmutations | |  0.7

Action                   |  1- 3 |  4- 6 |  7- 9 | 10-12 || total
-------------------------+-------+-------+-------+-------++-------
Melee: Unarmed           |     6 |       |       |       ||     6
       Mace              |    55 |   151 |    27 |       ||   233
       Dagger            |       |       |   285 |    75 ||   360
       Rapier            |       |       |       |   175 ||   175
 Cast: Sandblast         |     4 |     9 |    71 |    92 ||   176
       Lee's Rapid Decon |       |       |     2 |    23 ||    25
       Stone Arrow       |       |       |     4 |    16 ||    20
Evoke: Wand              |       |       |     1 |     8 ||     9
  Use: Potion            |     1 |     1 |     2 |     4 ||     8
       Scroll            |       |    12 |     9 |    12 ||    33
 Stab: Sleeping          |     3 |     1 |     4 |     1 ||     9
  Eat: Chunk             |     1 |     6 |    13 |    18 ||    38
       Ration            |       |       |       |     1 ||     1
Armor: Robe              |    29 |    66 |   157 |    38 ||   290
       Steam dragon scal |       |       |       |   191 ||   191
Dodge: Dodged            |    64 |    99 |   188 |   235 ||   586

Table legend:
 A = Non-vault XP
 B = Vault XP
 C = Vault XP percentage of total XP
 D = Non-vault monster count
 E = Vault monster count
 F = Vault count percentage of total count
                 A         B        C        D         E       F
            +---------+---------+-------+---------+---------+-------
      Total |   14347 |    7823 |  35.3 |     248 |      97 |  28.1
            +---------+---------+-------+---------+---------+-------
        D:1 |      46 |       0 |   0.0 |      28 |       0 |   0.0
        D:2 |      69 |      92 |  57.1 |      23 |       7 |  23.3
        D:3 |      41 |       0 |   0.0 |      22 |       0 |   0.0
        D:4 |     250 |     278 |  52.7 |      16 |       8 |  33.3
        D:5 |     481 |     289 |  37.5 |      14 |      17 |  54.8
        D:6 |     699 |       0 |   0.0 |      26 |       0 |   0.0
        D:7 |    1701 |       0 |   0.0 |      35 |       0 |   0.0
        D:8 |     585 |    1036 |  63.9 |      14 |       9 |  39.1
        D:9 |    1512 |    1069 |  41.4 |      13 |      37 |  74.0
       D:10 |    2637 |    1694 |  39.1 |      25 |       6 |  19.4
       D:11 |    5348 |    3160 |  37.1 |      28 |      12 |  30.0
       D:12 |     978 |     205 |  17.3 |       4 |       1 |  20.0
            +---------+---------+-------+---------+---------+-------
